 Dungeon Crawl Stone Soup version 0.21.1-1-g345015f (webtiles) character file.

394 Stormhunter the Chopper (level 6, -14/39 HPs)
             Began as a Gargoyle Skald on June 9, 2018.
             Was an Initiate of Okawaru.
             Killed by divine providence
             ... invoked by an orc priest
              (15 damage)
             ... on level 4 of the Dungeon.
             The game lasted 00:04:04 (4152 turns).

Stormhunter the Chopper (Gargoyle Skald)            Turns: 4152, Time: 00:04:05

Health: -14/39     AC: 10    Str: 16    XL:     6   Next: 82%
Magic:  7/9        EV: 13    Int: 14    God:    Okawaru [......]
Gold:   130        SH:  0    Dex:  9    Spells: 8/9 levels left

rFire    . . .     SeeInvis .   a - +0 war axe
rCold    . . .     Gourm    .   (no shield)
rNeg     + . .     Faith    .   m - +0 ring mail
rPois    ∞         Spirit   .   (no helmet)
rElec    +         Reflect  .   (no cloak)
rCorr    .         Harm     .   (no gloves)
MR       .....                  (no boots)
Stlth    ++........             (no amulet)
HPRegen  0.13/turn              (no ring)
MPRegen  0.11/turn              (no ring)

@: heroism
A: negative energy resistance 1, electricity resistance, unbreathing,
petrification resistance, rot immunity, AC +4
a: Renounce Religion


You were on level 4 of the Dungeon.
You worshipped Okawaru.
Okawaru was noncommittal.
You were not hungry.

You visited 1 branch of the dungeon, and saw 4 of its levels.

You collected 130 gold pieces.

Inventory:

Hand Weapons
 a - a +0 war axe (weapon)
Armour
 m - a +0 ring mail (worn)
 q - a +0 chain mail
Scrolls
 b - a scroll of magic mapping {unknown}
 e - 4 scrolls of teleportation {unknown}
 f - 5 scrolls of identify {unknown}
 g - 2 scrolls of immolation {unknown}
 k - 7 scrolls of remove curse {unknown}
 l - a scroll of enchant armour {unknown}
 p - a scroll of amnesia {unknown}
Potions
 h - a potion of lignification {unknown}
 i - 3 potions of curing {unknown}
 j - 2 potions of heal wounds {unknown}
 n - 2 potions of flight {unknown}
Books
 c - a book of Battle

   Spells                             Type                      Level
   a - Infusion                       Charms                       1
   b - Shroud of Golubria             Charms/Translocation         2
   c - Song of Slaying                Charms                       2
   d - Spectral Weapon                Hexes/Charms                 3
   e - Regeneration                   Charms/Necromancy            3
Comestibles
 d - 10 rations
 o - a chunk of flesh


   Skills:
 + Level 4.5(9.5) Fighting
 * Level 5.2(10.2) Axes
 - Level 1.2(6.2) Armour
 - Level 1.6(6.6) Dodging
 - Level 2.1 Spellcasting
 - Level 3.0 Charms


You had 8 spell levels left.
You knew the following spells:

 Your Spells              Type           Power        Failure   Level  Hunger
a - Infusion              Chrm           #...         12%         1    #......


Dungeon Overview and Level Annotations

Branches:
Dungeon (4/15)
 Temple: D:4-7

Altars:
Makhleb
Okawaru
Sif Muna
Wu Jian
Zin


Innate Abilities, Weirdness & Mutations

You are resistant to torment.
Your stone body is resilient. (AC +4)
You are immune to poison.
You resist negative energy. (rN+)
You are resistant to electric shocks. (rElec)
You can survive without breathing.
You are immune to petrification.
You are immune to rotting.


Message History

Unknown command.
You closely miss the orc priest.
The orc priest is lightly wounded.
You hit the orc wizard. You barely miss the orc priest.
The orc wizard misses you. The orc priest barely misses you.
The orc priest mumbles some strange prayers to Beogh against you.
Beogh smites you!
* * * LOW HITPOINT WARNING * * *
Unknown command.
Unknown command.
Unknown command.
You barely miss the orc priest.
The orc priest is lightly wounded.
You barely miss the orc priest. You closely miss the orc wizard.
The orc priest hits you.
* * * LOW HITPOINT WARNING * * *
The orc wizard barely misses you.
The orc priest calls down the wrath of Beogh upon you.
Beogh smites you!
You die...

#.......# ....##+###
###.......#
.......$.##+##..........
.....$...#...#..........
.........#.(.#..........
.........#...#..........
..<......#...+..........
......oo.#...#..........
......)@.#...#..........
......o..###'#..........
.####+#.................
#.................
#.................
#.................
#.................
###'#########(.... ...
#.....


You could see 2 orc priests and an orc wizard.

Vanquished Creatures
  A phantom (D:4)
  2 hounds
  An orc wizard (D:3)
  Natasha (twice) (D:2)
  A worker ant (D:4)
  4 adders
  2 oozes
  2 worms (D:3)
  2 dart slugs
  4 leopard geckos
  11 orcs
  2 giant cockroaches
  8 goblins
  8 hobgoblins
  4 jackals (D:3)
  4 quokkas
  7 bats
  3 frilled lizards
  6 kobolds
  11 rats
85 creatures vanquished.

Notes
Turn   | Place    | Note
-------+----------+-------------------------------------------
     0 | D:1      | Stormhunter the Gargoyle Skald began the quest for the Orb.
     0 | D:1      | Reached XP level 1. HP: 12/12 MP: 3/3
     2 | D:1      | Noticed a demigod
     2 | D:1      | Noticed an ogre
     4 | D:1      | Noticed an octopode
     4 | D:1      | Noticed a demonspawn
     6 | D:1      | Noticed a halfling
     8 | D:1      | Noticed a tengu
     8 | D:1      | Noticed a formicid
    10 | D:1      | Noticed a ghoul
    12 | D:1      | Noticed a troll
    14 | D:1      | Noticed a vampire
    16 | D:1      | Noticed an elf
    16 | D:1      | Noticed a minotaur
    18 | D:1      | Noticed a naga
    18 | D:1      | Noticed a vine stalker
    20 | D:1      | Noticed a centaur
    20 | D:1      | Noticed a draconian
    22 | D:1      | Noticed a dwarf
    22 | D:1      | Noticed a merfolk
    24 | D:1      | Noticed a spriggan
    24 | D:1      | Noticed a gargoyle
    26 | D:1      | Noticed a human
    26 | D:1      | Noticed a felid
   195 | D:1      | Reached skill level 2 in Axes
   200 | D:1      | Reached XP level 2. HP: 13/17 MP: 5/5
   899 | D:1      | Reached XP level 3. HP: 21/22 MP: 6/6
  1081 | D:2      | Noticed Natasha
  1094 | D:2      | Killed Natasha
  1095 | D:2      | Reached skill level 3 in Axes
  1348 | D:2      | Reached XP level 4. HP: 26/27 MP: 7/7
  1641 | D:2      | Noticed Natasha
  1648 | D:2      | Killed Natasha
  2458 | D:2      | Found an iron altar of Okawaru.
  2466 | D:2      | Became a worshipper of Warmaster Okawaru
  2512 | D:3      | Reached XP level 5. HP: 32/32 MP: 8/8
  2533 | D:3      | Found an ornate altar of the Wu Jian Council.
  2644 | D:3      | Found an iron altar of Okawaru.
  2937 | D:3      | Reached skill level 4 in Axes
  2997 | D:3      | Found a glowing silver altar of Zin.
  3248 | D:3      | Found a burning altar of Makhleb.
  3412 | D:3      | Reached XP level 6. HP: 27/38 MP: 9/9
  3863 | D:3      | Found a deep blue altar of Sif Muna.
  4062 | D:4      | Noticed a phantom
  4095 | D:4      | Killed a phantom
  4095 | D:4      | Reached * piety under Okawaru
  4095 | D:4      | Reached skill level 5 in Axes
  4152 | D:4      | HP: 1/39 [orc priest (2)]
  4152 | D:4      | Killed from afar by an orc priest

Skill      XL: |  1  2  3  4  5  6 |
---------------+-------------------+-----
Axes           | 2 3 4 5 |  5.2
Charms         | 3 |  3.0
Fighting       | 3 4 |  4.5
Armour         | |  1.2
Dodging        | |  1.6
Spellcasting   | |  2.1

Action                   |  1- 3 |  4- 6 || total
-------------------------+-------+-------++-------
Melee: Hand axe          |    98 |    16 ||   114
       War axe           |       |   238 ||   238
Invok: Heroism           |       |     1 ||     1
  Eat: Chunk             |     1 |    10 ||    11
Armor: Leather armour    |    46 |     5 ||    51
       Ring mail         |       |   142 ||   142
Dodge: Dodged            |    63 |   173 ||   236
